 Dungeon Crawl Stone Soup version 0.21.1-1-g345015f (webtiles) character file.

55 inc the Conjurer (level 3, 14/14 HPs)
             Began as a Felid Conjurer on Feb 24, 2018.
             Was a Follower of Yredelemnul.
             Quit the game on level 4 of the Dungeon.
             The game lasted 00:06:15 (2429 turns).

inc the Conjurer (Felid Conjurer)                   Turns: 2429, Time: 00:06:16

Health: 14/14      AC:  1    Str:  4    XL:     3   Next: 67%
Magic:  7/7        EV: 18    Int: 17    God:    Yredelemnul [*.....]
Gold:   100        SH:  0    Dex: 16    Spells: 3/6 levels left
                                        Lives:  0   Deaths: 1

rFire    . . .     SeeInvis +   (weapon unavailable)
rCold    . . .     Gourm    .   (shield unavailable)
rNeg     . . .     Faith    +   (armour unavailable)
rPois    .         Spirit   .   (helmet unavailable)
rElec    .         Reflect  .   (cloak unavailable)
rCorr    .         Harm     .   (gloves unavailable)
MR       .....                  (boots unavailable)
Stlth    +++.......             k - amulet of faith
HPRegen  0.04/turn              (no ring)
MPRegen  0.10/turn              (no ring)

@: quick
A: very small, no armour, no weapons or thrown items, stealth, claws 1, fangs 3,
see invisible, carnivore, speed 1, shaggy fur 1, slow metabolism 1, sharp paws
a: Animate Remains, Renounce Religion


You were on level 4 of the Dungeon.
You worshipped Yredelemnul.
Yredelemnul was aware of your devotion.
You were not hungry.

You visited 1 branch of the dungeon, and saw 4 of its levels.

You collected 100 gold pieces.

Inventory:

Jewellery
 k - an amulet of faith (around neck)
Scrolls
 c - a scroll of remove curse {unknown}
 e - a scroll of magic mapping {unknown}
 g - a scroll of enchant armour {unknown}
 h - a scroll of immolation {unknown}
 j - a scroll of enchant weapon {unknown}
 l - a scroll of blinking {unknown}
Potions
 d - a potion of agility {unknown}
 f - a potion of curing {unknown}
 i - a potion of magic {unknown}
 m - a potion of resistance {unknown}
Books
 a - a book of Conjurations

   Spells                             Type                      Level
   a - Magic Dart                     Conjuration                  1
   b - Searing Ray                    Conjuration                  2
   c - Dazzling Spray                 Conjuration/Hexes            3
   d - Fulminant Prism                Conjuration/Hexes            4
   e - Force Lance                    Conjuration/Translocation    4
   f - Iskenderun's Mystic Blast      Conjuration                  4
Comestibles
 b - 7 rations


   Skills:
 - Level 2.6 Dodging
 - Level 2.6 Stealth
 - Level 2.0 Spellcasting
 - Level 5.4 Conjurations
 + Level 1.0 Invocations


You had 3 spell levels left.
You knew the following spells:

 Your Spells              Type           Power        Failure   Level  Hunger
a - Magic Dart            Conj           ###.         1%          1    #......
b - Searing Ray           Conj           ###...       3%          2    ###....


Dungeon Overview and Level Annotations

Branches:
Dungeon (4/15)
 Temple: D:4-7

Altars:
Trog
Vehumet
Yredelemnul

Annotations:
D:3 CLM's ghost, amateur DsFi
D:4 Ijyb


Innate Abilities, Weirdness & Mutations

You cannot wear armour.
You are incapable of wielding weapons or throwing items.
Your paws allow you to move quietly. (Stealth)
You have sharp claws.
You have razor-sharp teeth.
You have supernaturally acute eyesight. (SInv)
You are carnivorous and can eat meat at any time.
You cover ground quickly.
You are covered in fur. (AC +1)
You have a slow metabolism.
Your sharp claws are effective at attacking unaware monsters.


Message History

Confirm with . or Enter, or press ? or * to list all spells.
Aiming: Searing Ray
Press: ? - help, Shift-Dir - straight line, f - Ijyb
Aim: Ijyb, wielding a dagger of venom and wearing a ring mail The searing ray hits Ijyb. (Press . to maintain the ray.) Ijyb closely misses you.
The searing ray misses Ijyb.
Ijyb hits you but does no damage.
You are lethally poisoned!
The searing ray hits Ijyb.
Ijyb is lightly wounded.
* * * LOW HITPOINT WARNING * * *
You feel sick. Ijyb barely misses you.
Without enough magic to sustain it, your searing ray dissipates.
* * * LOW HITPOINT WARNING * * *
You feel sick. Ijyb hits you with a dagger of venom.
You die...
You are now level 3!
You rejoin the land of the living...
Are you sure you want to abandon this character and quit the game? (Confirm with "yes".)

#.
##########.
.......g<#.
##########.
#. #.
#.##.#####
#....@...#
########..#
#


There were no monsters in sight!

Vanquished Creatures
  An orc priest (D:3)
  2 adders
  An ooze (D:3)
  A leopard gecko (D:1)
  9 orcs (D:3)
  A ball python (D:1)
  3 giant cockroaches (D:1)
  6 hobgoblins
  4 kobolds
  6 bats
  3 frilled lizards
  5 goblins
  4 rats
46 creatures vanquished.

Vanquished Creatures (collateral kills)
  A shadow imp (D:3)
1 creature vanquished.

Vanquished Creatures (others)
  An orc zombie (D:3)
1 creature vanquished.

Grand Total: 48 creatures vanquished

Notes
Turn   | Place    | Note
-------+----------+-------------------------------------------
     0 | D:1      | inc the Felid Conjurer began the quest for the Orb.
     0 | D:1      | Reached XP level 1. HP: 7/7 MP: 4/4
   136 | D:1      | Reached skill level 4 in Conjurations
   203 | D:1      | Reached XP level 2. HP: 11/11 MP: 0/6
   689 | D:1      | Learned a level 2 spell: Searing Ray
   701 | D:2      | Found a bloodstained altar of Trog.
   729 | D:2      | Reached XP level 3. HP: 14/14 MP: 1/7
  1173 | D:3      | Reached skill level 5 in Conjurations
  1173 | D:3      | Reached XP level 4. HP: 5/18 MP: 0/8
  1389 | D:3      | Found a faded altar of an unknown god.
  1733 | D:3      | Became a worshipper of Yredelemnul the Dark
  1733 | D:3      | Reached * piety under Yredelemnul
  1800 | D:3      | Found a radiant altar of Vehumet.
  1959 | D:3      | Noticed CLM's ghost (amateur DsFi)
  2313 | D:3      | Reached skill level 1 in Invocations
  2421 | D:4      | Noticed Ijyb
  2428 | D:4      | Slain by Ijyb
  2429 | D:4      | Reached XP level 3. HP: -2/14 MP: 0/7
  2429 | D:4      | Quit the game

Skill      XL: |  1  2  3  4 |
---------------+-------------+-----
Conjurations   | 4 5 |  5.4
Invocations    | 1 |  1.0
Dodging        | |  2.6
Stealth        | |  2.6
Spellcasting   | |  2.0

Action                   |  1- 3 |  4- 6 || total
-------------------------+-------+-------++-------
Melee: Unarmed           |    18 |    12 ||    30
       Bite              |     1 |     2 ||     3
 Cast: Magic Dart        |    62 |    33 ||    95
       Searing Ray       |       |     6 ||     6
Invok: Animate Remains   |       |     1 ||     1
 Stab: Sleeping          |     1 |     2 ||     3
  Eat: Chunk             |       |     6 ||     6
Armor: Skin              |     1 |     1 ||     2
Dodge: Dodged            |    21 |    18 ||    39
